 Dungeon Crawl Stone Soup version 0.20.1-1-g8b1a95d (webtiles) character file.

980 equalderp2856 the Magician (level 7, -1/28 HPs)
             Began as a Felid Wizard on Sept 26, 2017.
             Killed by divine providence
             ... invoked by an orc priest
              (13 damage)
             ... on level 3 of the Dungeon.
             The game lasted 00:23:30 (10256 turns).

equalderp2856 the Magician (Felid Wizard)          Turns: 10256, Time: 00:23:30

Health: -1/28      AC:  3    Str:  3    XL:     7   Next: 96%
Magic:  12/18      EV: 22    Int: 21    God:
Gold:   219        SH:  0    Dex: 15    Spells: 19/20 levels left
                                        Lives:  0   Deaths: 2

rFire    . . .     SeeInvis +   (weapon unavailable)
rCold    . . .     Gourm    .   (shield unavailable)
rNeg     . . .     Faith    .   (armour unavailable)
rPois    .         Spirit   .   (helmet unavailable)
rElec    .         Reflect  .   (cloak unavailable)
rCorr    .         Harm     .   (gloves unavailable)
MR       +....                  (boots unavailable)
Stlth    +++.......             (no amulet)
Regen    0.1/turn               q - +2 ring of evasion
MPRegen  0.2/turn               s - +1 ring of protection

@: quick
A: no armour, no weapons or thrown items, stealth, claws 1, fangs 3, see
invisible, carnivore 3, speed 1, shaggy fur 2, slow metabolism 1, sharp paws
a: no special abilities


You were on level 3 of the Dungeon.
You were not hungry.

You visited 1 branch of the dungeon, and saw 7 of its levels.

You collected 219 gold pieces.

Inventory:

Armour
 h - a +0 pair of boots
Jewellery
 q - a +2 ring of evasion (left paw)
 s - a +1 ring of protection (right paw)
 u - an uncursed ring of protection from cold
Wands
 t - a wand of polymorph (13/24)
 w - a wand of lightning (5/15)
Scrolls
 f - 7 scrolls of teleportation
 g - 2 scrolls of magic mapping
 i - a scroll of enchant weapon
 j - 3 scrolls of remove curse
 l - 2 scrolls of identify
 m - 2 scrolls of recharging
Potions
 c - 2 potions of curing
 d - a potion of might
 e - 2 potions of flight {unknown}
 n - 2 potions of lignification {unknown}
 p - a potion of mutation {unknown}
 r - a potion of resistance {unknown}
Books
 a - a book of Minor Magic

   Spells                             Type                      Level
   a - Magic Dart                     Conjuration                  1
   b - Blink                          Translocation                2
   c - Call Imp                       Summoning                    2
   d - Slow                           Hexes                        2
   e - Conjure Flame                  Conjuration/Fire             3
   f - Mephitic Cloud                 Conjuration/Poison/Air       3
Comestibles
 b - 7 meat rations
 o - 3 royal jellies


   Skills:
 + Level 0.8 Fighting
 + Level 4.9 Dodging
 + Level 4.9 Stealth
 + Level 7.3 Spellcasting
 + Level 6.6 Conjurations
   Level 1.0 Summonings
   Level 1.5 Translocations


You had 19 spell levels left.
You knew the following spells:

 Your Spells              Type           Power        Failure   Level  Hunger
a - Magic Dart            Conj           ####         1%          1    None


Dungeon Overview and Level Annotations

Branches:
Dungeon (7/15)             Temple (0/1) D:5

Altars:
Ashenzari
Elyvilon
Gozag

Shops:
D:4 :   D:5 *

Annotations:
D:2 Sigmund
D:3 Trampli's ghost, amateur MiFi
D:5 Dowan; Duvessa


Innate Abilities, Weirdness & Mutations

You cannot wear armour.
You are incapable of wielding weapons or throwing items.
Your paws allow you to move quietly. (Stealth)
You have sharp claws.
You have razor-sharp teeth.
You have supernaturally acute eyesight. (SInv)
You are carnivorous and can eat meat at any time.
You cover ground quickly.
You are covered in thick fur. (AC +2)
You have a slow metabolism.
Your sharp claws are effective at attacking unaware monsters.


Message History

Aim: an orc priest, wearing a scale mail (moderately wounded)
The magic dart hits the orc priest.
The orc priest is severely wounded.
The orc priest invokes the aid of Beogh against you.
Beogh smites you!
Ouch! That really hurt!
Casting: Magic Dart
Confirm with . or Enter, or press ? or * to list all spells.
Okay, then.
There is a stone staircase leading up here.
Casting: Magic Dart
Confirm with . or Enter, or press ? or * to list all spells.
Aiming: Magic Dart
Press: ? - help, Shift-Dir - straight line, f/p - orc priest
Aim: an orc priest, wearing a scale mail (heavily wounded)
The magic dart hits the orc priest.
The orc priest is heavily wounded.
The orc priest invokes the aid of Beogh against you.
Beogh smites you!
You die...

#######.####.###.# #.####
##...........# #.# #.##..
...####.####.###.# #.##.#
######...####...## #.#... #
#.....##.....# ### #..#.. #
##...###.#.#.###.## ###... #
####### #.#........# ##.. ####..#
#.###o###.## #... ......##
#....@# #.# ##.. ...###.#
#########)##### #... #......####
#......# ####.# ..........##
####..###.# #..(##
#########..#####.....# #.# #.....
###.................####.###.....
..'.........()(..........o(o.....
#.#..........###....####.####....
..##.......#.# #..#......####....


You could see an orc priest.

Vanquished Creatures
  An orc warrior (D:6)
  A sky beast (D:5)
  A necrophage (D:6)
  5 ogres
  A crocodile (D:6)
  A bullfrog (D:6)
  A water moccasin skeleton (D:3)
  A howler monkey (D:4)
  3 crimson imps
  2 hounds (D:4)
  Ijyb (D:5)
  A centaur skeleton (D:4)
  Terence (D:2)
  5 orc wizards
  2 iguanas (D:4)
  Natasha (thrice) (D:4)
  2 worker ants (D:4)
  3 hound skeletons
  7 adders
  A shadow imp (D:5)
  4 oozes
  3 worms
  A dart slug (D:2)
  5 leopard geckos
  21 orcs
  2 ball pythons
  2 giant cockroaches
  3 goblins
  3 hobgoblins
  7 jackals
  5 kobolds
  A quokka (D:3)
  11 bats
  4 frilled lizards
  A jackal skeleton (D:6)
  A leopard gecko skeleton (D:4)
  A leopard gecko zombie (D:5)
  2 rats (D:1)
120 creatures vanquished.

Vanquished Creatures (others)
  A giant cockroach (D:5)
1 creature vanquished.

Grand Total: 121 creatures vanquished

Notes
Turn   | Place    | Note
-------+----------+-------------------------------------------
     0 | D:1      | equalderp2856 the Felid Wizard began the quest for the Orb.
     0 | D:1      | Reached XP level 1. HP: 7/7 MP: 5/5
   293 | D:1      | You fall through a shaft!
   317 | D:2      | Reached XP level 2. HP: 11/11 MP: 0/7
   440 | D:2      | Noticed Terence
   641 | D:2      | Found a shattered altar of Ashenzari.
   835 | D:2      | Killed Terence
   835 | D:2      | Reached skill level 1 in Conjurations
   835 | D:2      | Reached XP level 3. HP: 10/14 MP: 3/9
  1111 | D:2      | Reached skill level 4 in Spellcasting
  1604 | D:2      | Reached XP level 4. HP: 5/18 MP: 4/11
  1953 | D:2      | Noticed Sigmund
  2480 | D:3      | Slain by a hound skeleton
  2481 | D:3      | Reached XP level 3. HP: 0/14 MP: 0/9
  2944 | D:3      | Reached XP level 4. HP: 18/18 MP: 7/11
  2990 | D:3      | Found an opulent altar of Gozag.
  3228 | D:3      | Noticed Trampli's ghost (amateur MiFi)
  3339 | D:4      | Found a white marble altar of Elyvilon.
  3339 | D:4      | Noticed an ogre
  3378 | D:4      | Killed an ogre
  3378 | D:4      | Reached XP level 5. HP: 21/21 MP: 4/13
  3403 | D:4      | Noticed Natasha
  3478 | D:4      | Killed Natasha
  3478 | D:4      | Reached skill level 5 in Spellcasting
  4143 | D:4      | Noticed an ogre
  4182 | D:4      | Killed an ogre
  4182 | D:4      | Gained mutation: You are covered in thick fur. (AC +2) [Felid growth]
  4182 | D:4      | Reached XP level 6. HP: 24/24 MP: 9/15
  4476 | D:4      | Noticed Natasha
  4480 | D:4      | Killed Natasha
  5025 | D:4      | Found Vuesm's Book Shoppe.
  5353 | D:4      | Reached XP level 7. HP: 27/27 MP: 8/16
  5623 | D:4      | Noticed Natasha
  5629 | D:4      | Killed Natasha
  6068 | D:5      | Entered Level 5 of the Dungeon
  6094 | D:5      | Noticed Ijyb
  6337 | D:5      | Noticed Duvessa
  6337 | D:5      | Noticed Dowan
  6696 | D:5      | Found Edghirofe's General Store.
  6813 | D:5      | Reached skill level 6 in Spellcasting
  7050 | D:5      | Found a staircase to the Ecumenical Temple.
  7126 | D:5      | Reached skill level 5 in Conjurations
  7420 | D:6      | Reached XP level 8. HP: 31/31 MP: 14/18
  8173 | D:6      | Reached skill level 7 in Spellcasting
  9076 | D:5      | Killed from afar by Ijyb
  9077 | D:5      | Reached XP level 7. HP: -7/28 MP: 18/18
  9516 | D:5      | Killed Ijyb
 10256 | D:3      | Killed from afar by an orc priest

Skill      XL: |  1  2  3  4  5  6  7  8 |
---------------+-------------------------+-----
Stealth        | 3 4 |  4.9
Conjurations   | 1 2 3 4 5 6 |  6.6
Spellcasting   | 4 5 6 7 |  7.3
Dodging        | 3 4 |  4.9
Fighting       | |  0.8
Summonings     | |  1.0
Translocations | |  1.5

Action                   |  1- 3 |  4- 6 |  7- 9 || total
-------------------------+-------+-------+-------++-------
Melee: Unarmed           |     5 |    12 |    41 ||    58
       Bite              |       |     1 |     2 ||     3
 Cast: Magic Dart        |   124 |   192 |   273 ||   589
  Use: Scroll            |       |       |    11 ||    11
       Potion            |       |       |     1 ||     1
 Stab: Sleeping          |     1 |       |       ||     1
  Eat: Chunk             |       |    10 |    12 ||    22
Armor: Skin              |     2 |     2 |     5 ||     9
Dodge: Dodged            |    21 |    42 |   107 ||   170
